 Dungeon Crawl Stone Soup version 0.25-a0-366-g516bc45ae0 (webtiles) character file.

Game seed: 17545881824974455287, levelgen mode: deterministic

37 RatmanManrat the Cudgeler (level 3, -2/31 HPs)
             Began as a Minotaur Fighter on Jan 6, 2020.
             Slain by a centaur (6 damage)
             ... on level 2 of the Dungeon.
             The game lasted 00:01:39 (902 turns).

RatmanManrat the Cudgeler (Minotaur Fighter)         Turns: 902, Time: 00:01:40

Health: -2/31      AC:  6    Str: 20    XL:     3   Next: 21%
Magic:  2/2        EV:  9    Int:  5    God:
Gold:   33         SH:  0    Dex: 10    Spells: 2/2 levels left

rFire    . . .     SeeInvis .   a - +0 flail
rCold    . . .     Gourm    .   (no shield)
rNeg     . . .     Faith    .   b - +0 scale mail
rPois    .         Spirit   .   (helmet restricted)
rElec    .         Reflect  .   (no cloak)
rCorr    .         Harm     .   (no gloves)
MR       .....                  (no boots)
Stlth    ..........             (no amulet)
HPRegen  0.10/turn              (no ring)
MPRegen  0.08/turn              (no ring)

@: no status effects
A: retaliatory headbutt, horns 2
a: no special abilities


You were on level 2 of the Dungeon.
You were not hungry.

You visited 1 branch of the dungeon, and saw 2 of its levels.

You collected 33 gold pieces.

Inventory:

Hand Weapons
 a - a +0 flail (weapon)
Armour
 b - a +0 scale mail (worn)
 c - a +0 shield
 l - a +0 buckler
Scrolls
 h - a scroll of remove curse {unknown}
 i - a scroll of fear {unknown}
 j - 2 scrolls of blinking {unknown}
Potions
 d - a potion of might
 e - 2 potions of curing {unknown}
 g - a potion of heal wounds {unknown}
 k - a potion of haste {unknown}
Comestibles
 f - 3 rations


   Skills:
 - Level 3.6 Fighting
 + Level 4.5 Maces & Flails
 - Level 3.6 Armour
 - Level 3.6 Shields


You had 2 spell levels left.
You didn't know any spells.
Your spell library was empty.

Dungeon Overview and Level Annotations

Branches:
Dungeon (2/15)

Altars:


Innate Abilities, Weirdness & Mutations

You reflexively headbutt those who attack you in melee.
You have a pair of horns on your head.


Message History

The centaur hits you.
The giant cockroach bites you but does no damage.
The centaur closely misses you. You furiously retaliate!
You headbutt the centaur. The hobgoblin closely misses you.
The giant cockroach barely misses you. You furiously retaliate!
You headbutt the giant cockroach!
You kill the giant cockroach!
You closely miss the hobgoblin.
The hobgoblin is severely wounded.
The centaur hits you.
The hobgoblin hits you but does no damage.
The centaur hits you.
You hit the hobgoblin. You headbutt the hobgoblin.
You kill the hobgoblin!
The centaur hits you. The centaur hits you!
* * * LOW HITPOINT WARNING * * *
You sock the centaur!
The centaur is heavily wounded.
The centaur hits you.
You die...

.. #....# ...
#....#
#.##....###
#.........
#.......$#
#........#
#.#....†)c.#
#.#.# #@..#
#.#.####(..####
#.
#...............
#.#
#.....†....#####
.. #..........#
#.##..........#
..#..........#
#.#.....######
#.#....^#


You could see a centaur.

Vanquished Creatures
  2 dart slugs (D:1)
  A leopard gecko (D:1)
  2 ball pythons (D:1)
  4 bats
  A giant cockroach (D:2)
  3 goblins
  8 hobgoblins
  A kobold (D:2)
  A quokka (D:2)
  2 frilled lizards
  2 rats
27 creatures vanquished.

Notes
Turn   | Place    | Note
-------+----------+-------------------------------------------
     0 | D:1      | RatmanManrat the Minotaur Fighter began the quest for the
                  | Orb.
     0 | D:1      | Reached XP level 1. HP: 19/19 MP: 0/0
   132 | D:1      | Reached skill level 3 in Maces & Flails
   136 | D:1      | Reached XP level 2. HP: 14/26 MP: 1/1
   642 | D:1      | Reached skill level 4 in Maces & Flails
   857 | D:2      | Reached XP level 3. HP: 29/31 MP: 2/2
   894 | D:2      | Noticed a centaur
   902 | D:2      | Slain by a centaur

Levels and vault maps discovered:
D:1:      minmay_arrival_four_houses, layout_loops_ring, hangedman_decor_push,
          nrook_mini_backslash
D:2:      kennysheep_the_goblin_king, layout_basic, first_ration

Skill      XL: |  1  2 |
---------------+-------+-----
Maces & Flails | 3 4 |  4.5
Fighting       | |  3.6
Armour         | |  3.6
Shields        | |  3.6

Action                   || total
-------------------------++-------
Melee: Flail             ||    56
       Headbutt          ||     7
Armor: Scale mail        ||    27
Dodge: Dodged            ||    44

Table legend:
 A = Non-vault XP
 B = Vault XP
 C = Vault XP percentage of total XP
 D = Non-vault monster count
 E = Vault monster count
 F = Vault count percentage of total count
                 A         B        C        D         E       F
            +---------+---------+-------+---------+---------+-------
      Total |      53 |       0 |   0.0 |      27 |       0 |   0.0
            +---------+---------+-------+---------+---------+-------
        D:1 |      32 |       0 |   0.0 |      15 |       0 |   0.0
        D:2 |      21 |       0 |   0.0 |      12 |       0 |   0.0
            +---------+---------+-------+---------+---------+-------
